Cogmind - Beta 16.1 @@@ ROGUE MODE // 2026.02.15 @ 13:22:34 Player: ZLD1 Result: Self-destructed Performance ------------- Evolutions (2) 1000 Regions Visited (5) 1000 Robots Destroyed (23) 115 Value Destroyed (443) 443 Prototype IDs (23) 460 Alien Tech Used (0) 0 Bonus (300) 300 TOTAL SCORE: 3318 Bonus ------- Aligned with FarCom 300 Cogmind --------- Core Integrity 493/550 Matter 246/300 Energy 103/125 System Corruption 0% Temperature Cool (0) Movement Walking (120) Location -8/Materials Parts ------- > --- POWER (3) -------- Light Ion Engine > --- PROPULSION (2) --- Aluminum Leg Improved Aluminum Leg > --- UTILITY (4) ------ Small Storage Unit > --- WEAPON (2) ------- EMP Blaster EMP Blaster > --- INVENTORY (8) ---- Improved Aluminum Leg Improved Aluminum Leg Improved Aluminum Leg Peak State ------------ > --- POWER ------------ Light Ion Engine > --- PROPULSION ------- Aluminum Leg Aluminum Leg > --- UTILITY ---------- Small Storage Unit > --- WEAPON ----------- EMP Blaster EMP Blaster > --- INVENTORY -------- Improved Aluminum Leg Improved Aluminum Leg Improved Aluminum Leg EMP Blaster EMP Blaster [Rating: 9] Favorites ----------- Power Light Ion Engine Engine Light Ion Engine Propulsion Aluminum Leg Leg Aluminum Leg Utility Small Storage Unit Storage Small Storage Unit Weapon EMP Blaster Launcher EMP Blaster Build | -11 -10 -10 -10 -9 -8 ------- Run | Yrd Mat Min Exi Min Mat Slots Evolved 4 | . . . . . 4 Power 2 | . . . . . 2 Propulsion . | . . . . . . Utility 2 | . . . . . 2 Weapon . | . . . . . . Parts Attached 9 | . 6 1 . . 2 Power 1 | . 1 . . . . Engine 1 | . 1 . . . . Core . | . . . . . . Reactor . | . . . . . . Propulsion 3 | . 2 . . . 1 Treads . | . . . . . . Leg 3 | . 2 . . . 1 Wheel . | . . . . . . Hover . | . . . . . . Flight . | . . . . . . Utility 1 | . 1 . . . . Device . | . . . . . . Storage 1 | . 1 . . . . Processor . | . . . . . . Hackware . | . . . . . . Protection . | . . . . . . Artifact . | . . . . . . Weapon 4 | . 2 1 . . 1 Energy Gun . | . . . . . . Energy Cannon . | . . . . . . Ballistic Gun . | . . . . . . Ballistic Cannon . | . . . . . . Launcher 4 | . 2 1 . . 1 Special Weapon . | . . . . . . Impact Weapon . | . . . . . . Slashing Weapon . | . . . . . . Piercing Weapon . | . . . . . . Special Melee Weapon . | . . . . . . Unidentified Prototypes . | . . . . . . Parts Lost 3 | . . 3 . . . Power . | . . . . . . Propulsion 1 | . . 1 . . . Utility . | . . . . . . Weapon 2 | . . 2 . . . Highest Loss Streak 3 | . . 3 . . . To Critical Strikes . | . . . . . . Average Backups 5 | 2 4 5 5 6 3 Power . | . . . . . . Propulsion 3 | 1 2 4 4 4 3 Utility . | . . . . . . Weapon 1 | . 1 1 1 2 . Tool/Special . | . . . . . . Unused Backups 3 | . . . . . 3 Power . | . . . . . . Propulsion 3 | . . . . . 3 Utility . | . . . . . . Weapon . | . . . . . . Tool/Special . | . . . . . . Average Slot Usage (%) 54 | . 72 72 45 42 47 Engine 13 | . 12 14 14 14 9 Leg 17 | . 24 22 14 14 15 Storage 13 | . 9 14 14 14 9 Launcher 9 | . 25 21 3 . 13 Peak Build Rating 9 | . 9 9 6 4 9 Average Rating 5 | . 8 7 4 4 8 On Entrance 3 | . . 9 6 4 4 Avg Prop Armor Cover (%) . | . . . . . . Naked Turns 5 | . 5 . . . . Heaviest Build 16 | . 16 16 12 8 16 Greatest Support 23 | 3 20 20 10 10 23 Greatest Overweight (x) 1 | . . 1 1 . . Average Overweight (x) . | . . . . . . Largest Inventory Capacity 8 | 5 8 8 8 8 8 Average Capacity 7 | 5 7 8 8 8 8 Most Carried 6 | 4 6 6 6 6 6 Average Carried 5 | 2 4 5 5 6 3 Final Capacity 8 | 5 8 8 8 8 8 Final Carried 6 | 4 6 5 6 6 3 Class Distribution -------------------- 100% | Mutant Dominant Class ---------------- Mutant | -10/Materials Mutant | -10/Mines Mutant | -10/Exiles Mutant | -9/Mines Mutant | -8/Materials Resources | -11 -10 -10 -10 -9 -8 ----------- Run | Yrd Mat Min Exi Min Mat Matter Collected 365 | 182 17 131 . 35 . Remotely . | . . . . . . Salvage Created 699 | . 219 299 . . 181 Parts 38 | . 14 13 . . 11 Haulers Intercepted . | . . . . . . Recyclers Shooed 2 | . . 1 . . 1 Parts Field Recycled . | . . . . . . Retrieved Matter . | . . . . . . Parts Self-Destructed . | . . . . . . Prevented . | . . . . . . Parts Restored . | . . . . . . Kills | -11 -10 -10 -10 -9 -8 ------- Run | Yrd Mat Min Exi Min Mat Combat Hostiles Destroyed 16 | . 7 6 . . 3 AOE 15 | . 7 5 . . 3 Classes Destroyed 7 | . 4 2 . . 1 Worker 3 | . 2 1 . . . Builder 1 | . . . . . 1 Tunneler 1 | . . 1 . . . Recycler 1 | . . 1 . . . Watcher 1 | . 1 . . . . Swarmer 9 | . 6 3 . . . Grunt 7 | . 1 3 . . 3 Best Kill Streak 10 | . 10 6 . . 4 Combat Bots Only 7 | . 7 4 . . 3 Max Kills in Single Turn 5 | . 5 3 . . 2 Gunslinging . | . . . . . . Exploded 2 | . 2 2 . . 2 Melee . | . . . . . . Uniques/NPCs Destroyed . | . . . . . . Combat | -11 -10 -10 -10 -9 -8 -------- Run | Yrd Mat Min Exi Min Mat Hostile Shots Fired 44 | . 17 17 . . 10 Missed 12 | . 5 4 . . 3 Hits 32 | . 12 13 . . 7 Projectile 32 | . 12 13 . . 7 Damage Taken 728 | . 201 318 . . 209 Core 188 | . 49 82 . . 57 Absorbed by Shields . | . . . . . . Core Remaining (%) 73 | 100 . . . 47 . Volleys Fired 23 | . 9 11 . . 3 Largest 2 | . 2 2 . . 2 Hottest 66 | . 66 66 . . 66 Shots Fired 29 | . 10 12 1 . 6 Gun . | . . . . . . Cannon . | . . . . . . Launcher 29 | . 10 12 1 . 6 Special . | . . . . . . Kinetic . | . . . . . . Thermal . | . . . . . . Explosive . | . . . . . . Electromagnetic 29 | . 10 12 1 . 6 Robot Hit Streak 7 | . 2 5 6 . 7 Robot Miss Streak 3 | . 2 3 . . 2 Penetration Max . | . . . . . . Secondary Targets . | . . . . . . Shots Hit Robots 13 | . 3 6 1 . 3 Core Hits 31 | . 11 11 . . 9 Critical Kills . | . . . . . . Critical Parts Destroyed . | . . . . . . Critical Strikes . | . . . . . . Melee Attacks . | . . . . . . Impact . | . . . . . . Slashing . | . . . . . . Piercing . | . . . . . . Sneak Attacks . | . . . . . . Combat Hostiles . | . . . . . . Follow-up Attacks . | . . . . . . Damage Inflicted 1156 | . 376 542 . . 238 Guns . | . . . . . . Cannons . | . . . . . . Explosions 1152 | . 376 538 . . 238 Melee . | . . . . . . Ramming 4 | . . 4 . . . Kinetic . | . . . . . . Thermal 224 | . 43 155 . . 26 Explosive . | . . . . . . Electromagnetic 928 | . 333 383 . . 212 Impact . | . . . . . . Slashing . | . . . . . . Piercing . | . . . . . . Highest Corruption 2 | . . 2 2 2 . Average Corruption 1 | . . 1 2 2 . Corruption Purged . | . . . . . . Corruption Blocked . | . . . . . . Effects 8 | . . . 6 2 . Message Errors 3 | . . . 2 1 . Matter Fused 3 | . . . 2 1 . Heat Flow Errors 1 | . . . 1 . . Misfires 1 | . . . 1 . . Overload Shots . | . . . . . . Overflow Damage 18 | . 13 5 . . . Projectiles . | . . . . . . Explosions 18 | . 13 5 . . . Melee . | . . . . . . Knockbacks . | . . . . . . Impact . | . . . . . . Kinetic . | . . . . . . Secondary . | . . . . . . Self-Inflicted Damage 334 | . 89 139 . . 106 Shots 22 | . 7 10 . . 5 Rammed . | . . . . . . Targets Rammed 2 | . . 2 . . . Kicked 2 | . . 2 . . . Crushed . | . . . . . . Highest Temperature 87 | . 6 27 87 . 17 Average Temperature 13 | . 3 7 48 . 9 Received Heat Transfer 183 | . 30 90 . . 63 Siege Activations . | . . . . . . Martial Activations . | . . . . . . Shielding Activations . | . . . . . . Robots Disrupted . | . . . . . . Combat Hostiles . | . . . . . . Robots Corrupted 1 | . . 1 . . . Combat Hostiles 1 | . . 1 . . . Parts Fried 1 | . . 1 . . . Impact Corruptions . | . . . . . . Robots Melted . | . . . . . . Combat Hostiles . | . . . . . . Parts Melted . | . . . . . . Heat Transferred 450 | . 100 250 . . 100 Parts Sabotaged . | . . . . . . Parts Stolen . | . . . . . . Parts Stripped . | . . . . . . Power Chain Reactions 5 | . 2 1 . . 2 Alert | -11 -10 -10 -10 -9 -8 ------- Run | Yrd Mat Min Exi Min Mat Maximum Alert Level . | . . . . . . Low Security (%) 100 | 100 100 100 . 100 100 Level 1 . | . . . . . . Level 2 . | . . . . . . Level 3 . | . . . . . . Level 4 . | . . . . . . Level 5 . | . . . . . . High Security . | . . . . . . Max Security . | . . . . . . Peak Influence 197 | . 171 197 . . 119 Initial 62 | . . 62 . . . Average 37 | . 57 82 . . 28 Influence Increases 563 | . 191 245 . . 127 Destroy 0b10 Robot/C 320 | . 140 120 . . 60 Destroy 0b10 Robot/NC 35 | . 15 15 . . 5 Destroy Leader 72 | . 32 30 . . 10 Disable Machine 15 | . . . . . 15 Destroy Structure 16 | . 4 5 . . 7 Lose Combat Pursuer 105 | . . 75 . . 30 Influence Decreases 454 | . 30 239 167 . 18 Entered New Map 266 | . . 99 167 . . Time Decay 158 | . 30 110 . . 18 Lost Part 30 | . . 30 . . . Squads Dispatched 1 | . 1 . . . . Investigation 1 | . 1 . . . . Extermination . | . . . . . . Reinforcement . | . . . . . . Assault . | . . . . . . Garrison . | . . . . . . Intercept . | . . . . . . Searches Triggered . | . . . . . . Construction Impeded . | . . . . . . Haulers Reinforced . | . . . . . . Active Scanning Responses . | . . . . . . Cargo Convoy Interrupts . | . . . . . . Stealth | -11 -10 -10 -10 -9 -8 --------- Run | Yrd Mat Min Exi Min Mat Distress Signals 2 | . 2 . . . . Communications Jammed . | . . . . . . Distress Signals . | . . . . . . Times Spotted 26 | . 9 11 . . 6 Peak Tracking Total 4 | . 4 4 . . 3 Tactical Retreats 4 | . . 3 . . 1 Traps | -11 -10 -10 -10 -9 -8 ------- Run | Yrd Mat Min Exi Min Mat Traps Triggered 1 | . 1 . . . . Indirectly 1 | . 1 . . . . Trap Hack Attempts . | . . . . . . Triggered . | . . . . . . Disarmed . | . . . . . . Reprogrammed . | . . . . . . Reused . | . . . . . . Traps Extracted . | . . . . . . Installed . | . . . . . . Triggered . | . . . . . . Machines | -11 -10 -10 -10 -9 -8 ---------- Run | Yrd Mat Min Exi Min Mat Machines Disabled 1 | . . . . . 1 Max in Single Turn 1 | . . . . . 1 Machines Repaired . | . . . . . . Machines Dismantled . | . . . . . . Machines Sabotaged . | . . . . . . Overloaded Fab Kills . | . . . . . . Hacking | -11 -10 -10 -10 -9 -8 --------- Run | Yrd Mat Min Exi Min Mat Machines Accessed 3 | . . . 3 . . Terminals . | . . . . . . Fabricators . | . . . . . . Repair Stations . | . . . . . . Recycling Units . | . . . . . . Scanalyzers . | . . . . . . Garrison Access . | . . . . . . Total Hacks 18 | . . . 18 . . Successful 18 | . . . 18 . . Failed . | . . . . . . Catastrophic . | . . . . . . Database Lockouts . | . . . . . . Manual 1 | . . . 1 . . Terminals . | . . . . . . Fabricators . | . . . . . . Repair Stations . | . . . . . . Recycling Units . | . . . . . . Scanalyzers . | . . . . . . Garrison Access . | . . . . . . Terminal Hacks 18 | . . . 18 . . Record 17 | . . . 17 . . Proto ID Catalog 1 | . . . 1 . . Fabricator Hacks . | . . . . . . Repair Station Hacks . | . . . . . . Recycling Unit Hacks . | . . . . . . Scanalyzer . | . . . . . . Garrison Access Hacks . | . . . . . . Unauthorized Hacks . | . . . . . . Terminals . | . . . . . . Fabricators . | . . . . . . Repair Stations . | . . . . . . Recycling Units . | . . . . . . Scanalyzers . | . . . . . . Garrison Access . | . . . . . . Data Cores Recovered . | . . . . . . Used . | . . . . . . Hacking Detections . | . . . . . . Full Trace Events . | . . . . . . Feedback Events . | . . . . . . Feedback Blocked . | . . . . . . Robot Schematics Acquired . | . . . . . . Robots Built . | . . . . . . Authchips . | . . . . . . Time . | . . . . . . Total Robot Build Rating . | . . . . . . Part Schematics Acquired . | . . . . . . Parts Built . | . . . . . . Authchips . | . . . . . . Time . | . . . . . . Total Part Build Rating . | . . . . . . Part Studies Acquired . | . . . . . . Parts Repaired . | . . . . . . Time . | . . . . . . Parts Recycled . | . . . . . . Recycled Matter . | . . . . . . Retrieved Matter . | . . . . . . Retrieved Components . | . . . . . . Parts Scanalyzed . | . . . . . . Part Schematics Acquired . | . . . . . . Parts Damaged . | . . . . . . Bothacking | -11 -10 -10 -10 -9 -8 ------------ Run | Yrd Mat Min Exi Min Mat Used RIF Installer . | . . . . . . Robots Hacked . | . . . . . . Non-combat . | . . . . . . Combat . | . . . . . . Robot Hacks Applied . | . . . . . . Relay Couplers Released . | . . . . . . Fabnet Peak Effective % . | . . . . . . Robots Rewired . | . . . . . . Allies Hacked . | . . . . . . Hacks Repelled . | . . . . . . Allies | -11 -10 -10 -10 -9 -8 -------- Run | Yrd Mat Min Exi Min Mat Total Allies 2 | . . . . 2 . Largest Group 2 | . . . . 2 1 Highest-Rated Group 51 | . . . . 51 31 Highest-Rated Ally 31 | . . . . 31 31 Total Orders . | . . . . . . Ally Attacks 2 | . . . . . 2 Total Damage . | . . . . . . Kills . | . . . . . . Allies Corrupted . | . . . . . . Allies Melted . | . . . . . . Intel | -11 -10 -10 -10 -9 -8 ------- Run | Yrd Mat Min Exi Min Mat Active Infowar (turns) . | . . . . . . Robot Analysis Total . | . . . . . . Derelict Logs Recovered 1 | . . 1 . . . Drone Launches . | . . . . . . Drone Recoveries . | . . . . . . Exploration | -11 -10 -10 -10 -9 -8 ------------- Run | Yrd Mat Min Exi Min Mat Turns Passed 1126 | 23 153 225 349 307 69 Spaces Moved 658 | 39 85 136 269 101 28 Core 45 | 39 6 . . . . Treads . | . . . . . . Legs 613 | . 79 136 269 101 28 Wheels . | . . . . . . Hover . | . . . . . . Flight . | . . . . . . Fastest Speed 50 | 50 50 120 120 120 120 Average Speed 123 | 50 115 141 129 120 120 Slowest Speed 190 | 50 120 190 190 120 120 Overloaded Moves . | . . . . . . Propulsion Burnouts . | . . . . . . Robots Hopped . | . . . . . . Potential Cave-ins . | . . . . . . Cave-ins Triggered . | . . . . . . Exploration Rate (%) 26 | 3 24 37 61 28 7 Regions Visited 5 Branch Regions 3 Pre-discovered Areas 1 | . . 1 . . . Known Exits Taken . | . . . . . . Unknown Exits Taken 5 | 1 1 1 1 1 . Scrap Searched 2 | . . 1 . 1 . Spaces Dug . | . . . . . . Terrain Destroyed 15 | . 3 5 . . 7 Melee . | . . . . . . Projectile . | . . . . . . AOE 15 | . 3 5 . . 7 Terrain Rammed . | . . . . . . Walls Destroyed . | . . . . . . Machines Disabled . | . . . . . . Actions | -11 -10 -10 -10 -9 -8 --------- Run | Yrd Mat Min Exi Min Mat Total 939 | 42 130 154 269 287 57 Wait 238 | . 23 5 . 187 23 Move 653 | 38 84 135 268 100 28 Hop . | . . . . . . Pick Up 12 | 4 8 . . . . Fast Attach . | . . . . . . Attach 10 | . 6 1 . . 3 Detach 1 | . . . 1 . . Swap . | . . . . . . Drop . | . . . . . . Fire 23 | . 9 11 . . 3 Melee . | . . . . . . Ram . | . . . . . . Kick 2 | . . 2 . . . Crush . | . . . . . . Escape Stasis . | . . . . . . Rewire . | . . . . . . Trap . | . . . . . . Miscellaneous . | . . . . . . Route ------- -11/Scrapyard -10/Materials -10/Mines (discovered 2 exits: [*Mat] / *Exi) -10/Exiles -9/Mines -8/Materials History --------- Turn | Location | Event 2 | -11/Scrapyard | Met Revision 17 13 | -11/Scrapyard | Discovered new exit (range 16) 24 | -11/Scrapyard | Entered Materials 159 | -10/Materials | Discovered new exit (range 12) 171 | -10/Materials | Destroyed 7 combat bots 177 | -10/Materials | Entered Mines 248 | -10/Mines | Discovered new exit (range 6) 310 | -10/Mines | Build established: Mutant 341 | -10/Mines | Lost 3 parts (1n2w) 348 | -10/Mines | Core integrity fell below 50% 392 | -10/Mines | Deemed a non-threat by the Exiles lab entrance 392 | -10/Mines | Discovered new exit (range 5) 402 | -10/Mines | Entered Exiles 454 | -10/Exiles | Met 8R-AWN 481 | -10/Exiles | Met EX-HEX 515 | -10/Exiles | Met EX-BIN 529 | -10/Exiles | Aligned with FarCom system 530 | -10/Exiles | Given EX-Vault access code 558 | -10/Exiles | Opened EX-Vault 647 | -10/Exiles | Warned to stay clear of 0b10 Research branches 680 | -10/Exiles | Met EX-DEC 742 | -10/Exiles | Discovered new exit (range 10) 751 | -10/Exiles | Entered Mines 767 | -9/Mines | Met a Derelict bent on vengeance 1019 | -9/Mines | Found a damaged Exp. Sensor Array with a note attached 1050 | -9/Mines | Discovered new exit (range 6) 1058 | -9/Mines | Entered Materials 1058 | -8/Materials | Accompanied by 1 ally 1058 | -8/Materials | Evolved 4 slots: Power x2, Utility x2 1063 | -8/Materials | Led the pair of lost Derelicts to an unsafe place 1127 | -8/Materials | Self-destructed Last Messages --------------- 01027_ Acquired 35 matter. 01050_ EXIT=FOUND PARAMETERS=POWER+2,UTILITY+2 LOCATION=UNKNOWN GOAL=ESCAPE 01058_ Receiving FarCom transmissions... 01063_ LN-B9H(g): "This place looks worse than where we left..." 01068_ LN-B9H(g): "Following you was a bad idea, I think." 01087_ LN-B9H(g) destroyed. 01094_ U-05 Engineer destroyed. 01094_ Chain reaction triggered in Corrupted Lgt. Ion Engine. 01106_ Material Compactor disabled. 01106_ G-50 Soldier destroyed. 01114_ G-47 Trooper destroyed. 01114_ Chain reaction triggered in Corrupted Lgt. Nuclear Core. 01126_ R-06 Scavenger collects Welding Torch. Map ----- +----------------------------------------------------+ | | | | | | | | | | | | | | | | | ?????????????????????????????????????????????????? | | ?????????????????????###########?????????????????? | | ?????????????????????# #?????????????????? | | ?????????????????????# #?????????????????? | | ?????????????????????# """ #?????????????????? | | ?????????#??###??????#""" #?????????????????? | | ????????# """"?##### !#?????????????????? | | ????????# ""S""?# # #?????????????????? | | ????????# "" "" # # % #?????????????????? | | ????????# # # =%[ #?????????????????? | | ????????# + ## ! ;;############?????????? | | ????????# """ # =%[== ????????? | | ????????# """ # =[ ????????? | | ????????? """?# ????????? | | ?????????? ?######## ######T####??????????? | | ???????????####?????????# #????????????????????? | | ????????????????????????# #????????????????????? | | ????????????????????????#@ #????????????????????? | | ????????????????????????# ???????????????? | | ????????????????????????; g T ??????????? | | ???????????????????????? = ?????????? | | ???????????????????????# % #######a g ?????????? | | ??????????????????????? # #???????? ??????????? | | ??????????????????????? #r #????????????????????? | | ??????????????????????" + #????????????????????? | | ??????????????????????" # #????????s???????????? | | ??????????????????????"?? #?????????ss?????????? | | ?????????????????????? ?? #????????????????????? | | ??????????????????????#?? #????????????????????? | | ????????????????????????? #????????????????????? | | ????????????????????????? #????????????????????? | | ????????????????????????? +????????????????????? | | ????????????????????????? ?????????????????????? | | ??????????????????g??????????????????????????????? | | ?????????????????????????????????????????????????? | | ?????????????????????????????????????????????????? | | ?????????????????????????????????????????????????? | | ?????????????????????????????????????????????????? | | ?????????????????????????????????????????????????? | | ?????????????????????????????????????????????????? | | ?????????????????????????????????????????????????? | | ?????????????????????????????????????????????????? | +----------------------------------------------------+ Best States ------------- Heat Dissipation 31 Energy Generation 10 Energy Capacity 125 Matter Stores 300 Matter Capacity 300 Sight Range 16 Terrain Scan Density 10 Evasion (%) 55 Item Schematics ----------------- None Robot Schematics ------------------ None Fabricated ------------ Nothing Repaired ---------- Nothing Studied --------- None Alien Tech Used ----------------- None Achievements -------------- None Challenges ------------ None Game ------ Seed NeutronBarrageBotcube Manual? 0 Play Time 00:08:00 Cumulative 70.4 hours Start 2026.02.15 @ 13:15:21 End 2026.02.15 @ 13:22:34 Sessions 1 Manual Loads 0 Difficulty Rogue Special Mode None Game No. 186 Rogue 186 Adventurer 0 Explorer 0 Win Type - Total 1 Types 1/0/0/0/0/0/0/0/0/0 Lore% 40 Gallery% 37 Achievement% 25 Wizard Run 0 Options --------- Layout 1 ASCII 0 Keyboard 0 Movement Mouse Keybinds 0 Fullscreen 0 Font 24/Smallcaps Map View 59x39 Zoom Use 0% Tactical HUD 1 Map Filters NONE Filters NONE Steam 1 RUN: 3ceedee7-c845-426f-bb69-5cdb3010ba18